 Dungeon Crawl Stone Soup version 0.29-a0-323-g050149af67 (webtiles) character file.

Game seed: 13878436198774916889

233 Jortsu the Chopper (level 5, -9/41 HPs)
             Began as a Demonspawn Fighter on Apr 12, 2022.
             Was a Follower of Okawaru.
             Mangled by an ogre
             ... wielding a +0 giant club
              (11 damage)
             ... on level 4 of the Dungeon.
             The game lasted 00:03:42 (2991 turns).

Jortsu the Chopper (Demonspawn Fighter)             Turns: 2991, Time: 00:03:42

Health: -9/41      AC: 10    Str: 18    XL:     5   Next: 74%
Magic:  5/5        EV:  9    Int: 10    God:    Okawaru [*.....]
Gold:   110        SH:  4    Dex: 12    Spells: 4/4 levels left

rFire   + . .      SeeInvis .   a - +1 war axe
rCold   . . .      Faith    .   c - +0 buckler
rNeg    . . .      Spirit   .   b - +0 scale mail
rPois   .          Reflect  .   g - +1 hat
rElec   .          Harm     .   (no cloak)
rCorr   .          Rampage  .   (no gloves)
Will    .....                   (no boots)
Stlth   ..........              (no amulet)
HPRegen 0.13/turn               n - ring of protection from fire
MPRegen 0.09/turn               (no ring)

@: no status effects
A: thin metallic scales 1, powered by death 1
a: Renounce Religion, Heroism


You were on level 4 of the Dungeon.
You worshipped Okawaru.
Okawaru was aware of your devotion.
You visited 1 branch of the dungeon, and saw 4 of its levels.

You collected 110 gold pieces.

Inventory:

Hand Weapons
 a - a +1 war axe (weapon)
Armour
 b - a +0 scale mail (worn)
 c - a +0 buckler (worn)
 g - a +1 hat (worn)
Jewellery
 i - a ring of ice
 n - a ring of protection from fire (left hand)
Scrolls
 f - a scroll of teleportation
Potions
 d - 2 potions of might
 e - a potion of curing {unknown}
 h - a potion of mutation {unknown}
 j - a potion of resistance
 k - 2 potions of cancellation
 l - a potion of invisibility {unknown}
 m - a potion of haste


   Skills:
 + Level 3.6 Fighting
 + Level 4.0 Axes
 + Level 3.7 Armour
 + Level 0.3 Dodging
 + Level 0.3 Stealth
 + Level 3.2 Shields


You had 4 spell levels left.
You didn't know any spells.
Your spell library contained the following spells:

 Spells                   Type           Power      Damage    Failure   Level
 Static Discharge         Conj/Air       0%         N/A       93%         2
 Ozocubu's Armour         Ice            0%         N/A       99%         3
 Dispel Undead            Necr           0%         3d6       100%        4
 Sticky Flame             Conj/Fire      0%         2d3       100%        4
 Metabolic Englaciation   Hex/Ice        0%         N/A       100%        5
 Simulacrum               Ice/Necr       Unusable   N/A       N/A         6

Dungeon Overview and Level Annotations

Branches:
Dungeon (4/15)
 Temple: D:4-7

Altars:
Okawaru


Innate Abilities, Weirdness & Mutations

You are partially covered in thin metallic scales. (AC +2)
You regenerate a little health from kills.


Message History

The adder hisses angrily.
The adder bites you but does no damage. The adder bites you.
You closely miss the adder. The adder bites you but does no damage.
You slash the adder!
The adder is almost dead.
The adder closely misses you. The adder barely misses you.
You barely miss the adder.
The adder is almost dead.
The adder bites you but does no damage. You block the adder's attack.
An adder is nearby!
You hit the adder.
You kill the adder!
Okawaru accepts your kill.
Your Axes skill increases to level 4!
You see here an adder corpse.
l - a red potion
Found 32 stones.
You open the door.
There is an open door here.
An ogre comes into view. It is wielding a +0 giant club.
The ogre shouts!
You barely miss the ogre. The ogre misses you.
You hit the ogre.
The ogre is lightly wounded.
The ogre hits you with a +0 giant club!!
You hit the ogre but do no damage.
The ogre is lightly wounded.
The ogre hits you with a +0 giant club!!
Ouch! That really hurt!
* * * LOW HITPOINT WARNING * * *
You barely miss the ogre.
The ogre is lightly wounded.
The ogre misses you.
You hit the ogre.
The ogre is lightly wounded.
The ogre hits you but does no damage.
You closely miss the ogre.
The ogre is lightly wounded.
The ogre hits you with a +0 giant club!
You die...

#.######.#.# #.#
#.....)....# ...
............. #.#
+########.##. #.# ...
#.##. .. #.# ....
##.##. ....###.##.....
##..... ......O........
.^..... #@# ....... #.#
##..... #.# #####+##
#.# #......#
######.#########......#
#...##................#
#...##.........†###....
#...##..........# #....
#...............# #....


You could see an ogre.

Vanquished Creatures
  An orc priest (D:3)
  An orc wizard (D:2)
  Terence (D:3)
  A gnoll (D:1)
  8 adders
  2 worms (D:2)
  3 dart slugs
  3 orcs (D:3)
  7 ball pythons
  7 endoplasms
  2 giant cockroaches (D:2)
  4 goblins
  3 hobgoblins
  5 quokkas
  2 bats (D:1)
  2 frilled lizards
  7 kobolds
  4 rats
63 creatures vanquished.

Notes
Turn   | Place    | Note
-------+----------+-------------------------------------------
     0 | D:1      | Jortsu the Demonspawn Fighter began the quest for the Orb.
     0 | D:1      | Reached XP level 1. HP: 18/18 MP: 1/1
   175 | D:1      | Gained mutation: You regenerate a little health from kills.
                  | [demonic ancestry]
   175 | D:1      | Reached XP level 2. HP: 17/24 MP: 2/2
   442 | D:1      | Reached skill level 2 in Axes
   852 | D:1      | Reached XP level 3. HP: 23/29 MP: 3/3
  1014 | D:2      | Found a faded altar of an unknown god.
  1029 | D:2      | Prayed at the altar of an unknown god.
  1029 | D:2      | Became a worshipper of Warmaster Okawaru
  1029 | D:2      | Reached * piety under Okawaru
  1242 | D:2      | Reached XP level 4. HP: 14/35 MP: 4/4
  1262 | D:2      | Reached skill level 3 in Axes
  1918 | D:3      | Noticed Terence
  1931 | D:3      | Killed Terence
  1939 | D:3      | Gained mutation: You are partially covered in thin metallic
                  | scales. (AC +2) [demonic ancestry]
  1939 | D:3      | Reached XP level 5. HP: 29/41 MP: 5/5
  2955 | D:4      | Reached skill level 4 in Axes
  2985 | D:4      | Noticed an ogre
  2988 | D:4      | HP: 1/41 [ogre/+0 giant club (22)]
  2991 | D:4      | Mangled by an ogre

Illustrated notes

Levels and vault maps discovered:
D:1:      minmay_arrival_hallway, layout_basic
D:2:      layout_basic, serial_curves, eino_curves_02, eino_curves_02,
          hellmonk_ecumenical_altar_run_dry
D:3:      layout_loops_ring, uniq_terence
D:4:      layout_basic

Skill      XL: |  1  2  3  4  5 |
---------------+----------------+-----
Shields        | 3 |  3.2
Armour         | 3 |  3.7
Axes           | 2 3 4 |  4.0
Fighting       | |  3.6
Dodging        | |  0.3
Stealth        | |  0.3

Action                   |  1- 3 |  4- 6 || total
-------------------------+-------+-------++-------
Melee: War axe           |    83 |   100 ||   183
  Use: Scroll            |     1 |     6 ||     7
Armor: Scale mail        |    55 |    49 ||   104
Dodge: Dodged            |    42 |    44 ||    86
Block: Buckler           |    21 |    21 ||    42

Table legend: (Time is in decaauts)
 A = Elapsed time spent in this place.
 B = Non-inter-level travel time spent in this place.
 C = Inter-level travel time spent in this place.
 D = Time resting spent in this place.
 E = Time spent auto-exploring this place.
 F = Levels seen in this place.
 G = Mean time per level.
                   A        B        C        D        E       F      G
               +--------+--------+--------+--------+--------+-----+--------+
         Total |   3064 |   3026 |     38 |    255 |   2172 |   4 |  766.0 |
       Dungeon |   3064 |   3026 |     38 |    255 |   2172 |   4 |  766.0 |
               +--------+--------+--------+--------+--------+-----+--------+

Top non-repeatable levels by time:
     D:2: 1064 daAuts
     D:1: 956 daAuts
     D:3: 861 daAuts
     D:4: 182 daAuts
